Map: Proxima Station LE

Players

Babøøn - Winner!

  • Race: Terran Terran
  • League: Master
  • Spawn Location: 1:00

DeMusliM

  • Race: Terran Terran
  • League: Grandmaster
  • Spawn Location: 7:00

VOD

Have the link to the VOD?

Description

Time

  • Played on: July 7, 2017, 3:32 p.m.
  • Length: 11:59
Show
View Real Time Build Order
Export as new Build Order

Babøøn Terran - Winner!

Build Orders: Reaper Expand, Bio Tank 

Get SALT Encoding   

  12  0:00  SCV  
  13  0:12  SCV  
  14  0:17  Supply Depot  
  14  0:24  SCV  
  15  0:28  Refinery  
  15  0:39  SCV  
  16  0:45  Barracks  
  16  0:51  SCV  
  17  1:03  SCV  
  18  1:15  SCV  
  19  1:32  Reaper, Orbital Command  
  20  1:43  Command Center  
  20  1:55  Factory  
  20  1:59  SCV  
  21  2:06  Barracks Reactor  
  21  2:09  Supply Depot  
  21  2:12  SCV  
  22  2:18  Refinery  
  22  2:24  SCV  
  23  2:37  SCV  
  24  2:39  Hellion  
  24  2:42  Marine x2  
  24  2:43  Starport  
  28  2:49  SCV  
  29  2:55  Orbital Command  
  29  3:01  SCV  
  30  3:06  Cyclone  
  32  3:13  Marine x2  
  32  3:16  SCV  
  35  3:22  SCV  
  36  3:27  Viking  
  36  3:29  SCV  
  38  3:36  Marine x2  
  38  3:37  SCV  
  38  3:41  SCV, Factory Tech Lab  
  41  3:48  Supply Depot  
  42  3:49  SCV  
  42  3:53  SCV  
  42  3:54  Marine x2  
  46  4:03  Supply Depot  
  46  4:09  Raven, SCV x2  
  50  4:12  Marine x2  
  52  4:19  Supply Depot  
  52  4:21  SCV  
  52  4:24  Factory Tech Lab  
  54  4:29  Marine  
  54  4:30  Marine  
  55  4:32  Command Center  
  52  4:40  SCV  
  52  4:41  SCV  
  52  4:43  Siege Tank  
  57  4:47  Marine x2  
  57  4:52  SCV  
  60  4:53  Supply Depot  
  60  4:57  SCV  
  61  5:01  Raven  
  61  5:04  SCV  
  61  5:06  Refinery  
  64  5:07  Barracks  
  64  5:08  Barracks  
  64  5:09  SCV, Marine x2  
  67  5:16  SCV  
  67  5:21  Factory Reactor  
  68  5:22  SCV  
  68  5:25  Supply Depot  
  68  5:27  Engineering Bay  
  68  5:28  Engineering Bay  
  69  5:29  SCV  
  69  5:34  SCV  
  71  5:41  Supply Depot, SCV  
  72  5:44  Orbital Command  
  72  5:46  SCV  
  72  5:49  Stimpack  
  73  5:53  SCV  
  73  5:56  Refinery  
  74  5:58  SCV  
  74  6:00  Viking  
  74  6:01  Viking  
  79  6:06  Barracks Reactor, Marine x3  
  79  6:09  SCV  
  83  6:15  SCV  
  83  6:16  Orbital Command  
  84  6:18  Supply Depot  
  84  6:21  SCV  
  84  6:23  Terran Infantry Weapons Level 1, Terran Infantry Armor Level 1  
  84  6:25  Marine x2  
  87  6:28  SCV  
  87  6:31  Siege Tank  
  91  6:33  SCV  
  91  6:39  Supply Depot  
  92  6:40  SCV  
  92  6:41  Refinery  
  92  6:42  SCV  
  92  6:45  SCV, Viking x2  
  99  6:50  Supply Depot, Marine  
  99  6:52  Marine x3  
  103  6:58  Barracks  
  103  6:59  Barracks  
  103  7:01  SCV  
  103  7:02  SCV  
  103  7:05  SCV  
  103  7:08  Siege Tank  
  109  7:12  Marine  
  109  7:13  Marine x4  
  109  7:14  SCV x2  
  116  7:17  SCV  
  116  7:19  Supply Depot  
  117  7:23  Refinery  
  117  7:25  Medivac x2  
  117  7:28  SCV  
  117  7:29  SCV  
  123  7:30  Marine x2  
  123  7:31  Marine  
  123  7:34  Armory  
  126  7:37  SCV  
  126  7:39  Supply Depot  
  126  7:40  Marine x2  
  129  7:46  Sensor Tower x2, SCV x2  
  129  7:48  Barracks Reactor  
  129  7:49  Barracks Reactor  
  129  7:50  Liberator  
  128  7:52  SCV  
  127  7:58  SCV  
  127  7:59  SCV  
  127  8:01  Liberator  
  127  8:02  Siege Tank  
  127  8:04  SCV  
  125  8:10  SCV  
  126  8:13  SCV  
  126  8:16  SCV  
  126  8:17  Supply Depot  
  129  8:20  Marine x3  
  129  8:22  SCV  
  129  8:23  Combat Shields  
  129  8:25  SCV  
  134  8:34  SCV x2  
  134  8:37  Supply Depot  
  134  8:39  Terran Infantry Weapons Level 2  
  136  8:41  SCV  
  136  8:43  Marine x8  
  144  8:50  Terran Infantry Armor Level 2  
  143  8:58  Marine  
  143  9:00  SCV, Marine  
  143  9:01  SCV, Marine x3  
  150  9:07  Marine, Siege Tank  
  150  9:08  Marine x3  
  157  9:14  SCV  
  157  9:15  Supply Depot, Marine  
  157  9:16  Terran Vehicle Weapons Level 1  
  159  9:18  Marine  
  156  9:28  Marine x7  
  129  9:33  Marine  
  129  9:36  Marine, Medivac  
  130  9:39  Siege Tank  
  130  9:40  Medivac  
  135  9:46  Marine x3  
  137  9:55  Factory  
  137  9:56  Marine x2  
  137  9:57  Marine x4, Barracks  
  137  9:58  Barracks  
  143  10:04  Marine x3  
  146  10:11  Siege Tank  
  146  10:13  Medivac  
  146  10:14  Marine x6, Medivac  
  159  10:21  Marine  
  159  10:22  Marine x2  
  161  10:32  Marine x6  
  145  10:40  Marine x3  
  145  10:41  Factory Tech Lab  
  141  10:43  Siege Tank, Medivac  
  141  10:44  Medivac  
  141  10:45  Barracks Reactor  
  141  10:48  Barracks Reactor  
  148  10:51  Command Center  
  148  10:54  Marine  
  148  10:55  Marine x5  
  154  11:00  Siege Tank  
  153  11:07  Marine  
  153  11:08  Marine x2  
  156  11:12  Marine  
  156  11:13  Marine x2  
  156  11:15  Siege Tank  
  151  11:29  Marine x5  
  135  11:38  SCV x2  
Show
View Real Time Build Order
Export as new Build Order

DeMusliM Terran 

Build Orders: 1/1/1, Cyclone Opening, Bio Tank 

Get SALT Encoding   

  12  0:00  SCV  
  13  0:13  SCV  
  14  0:19  Supply Depot  
  14  0:25  SCV  
  15  0:30  Refinery  
  15  0:40  SCV  
  16  0:46  Barracks  
  16  0:52  SCV  
  16  0:57  Refinery  
  17  1:04  SCV  
  18  1:17  SCV  
  19  1:33  Orbital Command  
  19  1:34  Reaper  
  19  1:37  Factory  
  20  1:48  Supply Depot  
  20  1:59  SCV  
  21  2:06  Reaper  
  22  2:12  SCV  
  23  2:20  Starport  
  23  2:22  Hellion  
  25  2:24  SCV  
  26  2:36  SCV  
  27  2:39  Barracks Tech Lab  
  27  2:45  Cyclone  
  27  2:46  Supply Depot  
  27  2:48  SCV  
  31  3:07  SCV  
  31  3:11  Raven  
  31  3:12  Barracks Reactor  
  34  3:19  SCV  
  35  3:20  Supply Depot  
  35  3:27  Command Center  
  35  3:38  SCV  
  36  3:42  Cyclone  
  39  3:50  SCV  
  40  3:57  Viking, Marine x2  
  44  4:04  Supply Depot  
  44  4:12  SCV  
  45  4:22  Command Center  
  45  4:27  Raven, SCV  
  47  4:38  Marine  
  47  4:39  SCV, Marine  
  47  4:42  Orbital Command  
  50  4:51  SCV  
  51  4:55  Refinery  
  51  4:56  Refinery  
  51  5:01  Factory Tech Lab  
  51  5:07  SCV  
  51  5:08  SCV  
  53  5:18  Viking x2  
  53  5:19  SCV  
  53  5:20  SCV  
  53  5:21  Siege Tank  
  62  5:31  SCV  
  62  5:32  SCV  
  62  5:34  Marine, Stimpack  
  65  5:37  Orbital Command  
  65  5:43  SCV  
  65  5:44  SCV  
  65  5:47  Engineering Bay  
  67  5:50  Engineering Bay  
  67  5:58  Siege Tank  
  67  6:01  SCV x2  
  72  6:04  SCV  
  73  6:13  Viking x2, SCV x2  
  73  6:16  SCV  
  80  6:22  Supply Depot  
  80  6:25  SCV  
  80  6:26  SCV  
  80  6:28  Marine  
  80  6:29  SCV  
  80  6:31  Terran Infantry Weapons Level 1, Terran Infantry Armor Level 1  
  84  6:32  Supply Depot  
  84  6:35  Supply Depot  
  84  6:47  Missile Turret x3  
  84  6:48  Marine  
  84  6:49  SCV x2  
  88  6:56  Starport Reactor, Orbital Command  
  88  6:59  Siege Tank  
  90  7:02  Barracks  
  90  7:04  Barracks  
  90  7:08  SCV x2  
  90  7:09  Barracks  
  92  7:19  Armory, Barracks  
  92  7:20  SCV  
  92  7:21  SCV  
  94  7:23  Marine  
  94  7:29  Supply Depot, SCV  
  96  7:31  Siege Tank  
  96  7:33  SCV  
  100  7:38  Medivac x2  
  100  7:40  Marine  
  104  7:52  Barracks Reactor x2  
  104  7:54  Supply Depot  
  104  7:55  Supply Depot  
  104  7:58  Marine  
  104  8:00  Marine, Combat Shields  
  104  8:04  Refinery x2, Marine, SCV x2  
  109  8:13  Siege Tank  
  109  8:16  Barracks Reactor, Marine  
  109  8:17  Terran Vehicle Weapons Level 1, Medivac x2  
  109  8:18  Marine  
  117  8:24  Marine, Factory  
  117  8:27  Missile Turret  
  117  8:30  Marine x3  
  117  8:31  Marine  
  117  8:34  Marine  
  122  8:36  Marine  
  122  8:38  Terran Infantry Weapons Level 2  
  123  8:42  Supply Depot, Marine  
  123  8:43  Supply Depot  
  123  8:45  Supply Depot  
  123  8:48  Marine x3  
  125  8:49  Marine  
  125  8:50  Terran Infantry Armor Level 2  
  125  8:51  Marine  
  125  8:54  Marine  
  130  8:55  Supply Depot  
  130  8:56  Marine x2  
  130  9:00  Marine  
  133  9:06  Marine x4  
  135  9:10  Marine  
  135  9:12  Marine  
  135  9:13  Marine  
  135  9:14  Marine  
  138  9:18  Marine  
  138  9:23  Marine  
  138  9:24  Marine x3  
  129  9:28  Marine  
  129  9:29  Marine  
  120  9:31  Marine x2  
  120  9:36  Marine  
  120  9:38  SCV x2  
  123  9:40  Siege Tank  
  123  9:41  Marine x3, Medivac  
  123  9:42  Marine, Factory Tech Lab  
  132  9:46  Marine  
  132  9:47  Missile Turret x2, Marine  
  132  9:49  Marine x2  
  136  9:54  Marine  
  136  9:56  SCV x2  
  136  9:59  Marine x2, Medivac  
  143  10:00  Marine x2  
  143  10:11  Medivac  
  143  10:13  Siege Tank  
  148  10:17  Marine x2  
  148  10:18  Siege Tank  
  149  10:34  Marine  
  121  10:36  Marine  
  121  10:41  SCV x2  
  110  10:43  Marine  
  110  10:44  Marine x6  
  117  10:52  Marine  
  118  10:58  Siege Tank x2  
  118  11:01  Marine  
  125  11:11  Marine  
  125  11:13  Marine  
  125  11:14  Marine x2  
  125  11:16  Marine  
  114  11:27  Marine  
  114  11:28  Marine x2  
  114  11:29  Marine  
Tags
 
Add a new tag
Caveats
  • Supply blocks, unpowered buildings, or Contaminate may cause inaccurate times.
  • Supply counts are checked every 10 seconds.